 Dungeon Crawl Stone Soup version 0.23.0 (webtiles) character file.

Game seed: 11831905756936711024

65006 Monsterracer the Severer (level 15, -2/250 HPs)
             Began as an Ogre Chaos Knight on Feb 10, 2019.
             Was a Plaything of Xom.
             Slain by an ice dragon (12 damage)
             ... on level 15 of the Dungeon.
             The game lasted 00:52:34 (32386 turns).

Monsterracer the Severer (Ogre Chaos Knight)       Turns: 32386, Time: 00:52:35

Health: -2/250     AC: 13    Str: 29    XL:     15   Next: 15%
Magic:  16/23      EV: 17    Int: 17    God:    Xom [...*..]
Gold:   33         SH:  4    Dex: 11    Spells: 14/22 levels left

rFire    + + .     SeeInvis .   A - +0 war axe (chop)
rCold    + . .     Gourm    .   (no shield)
rNeg     . . .     Faith    .   d - +1 robe {rF+}
rPois    .         Spirit   .   (helmet restricted)
rElec    .         Reflect  +   O - +2 cloak
rCorr    .         Harm     .   (gloves unavailable)
MR       +....     Clarity  +   (boots unavailable)
Stlth    ..........             s - +4 amulet of reflection
HPRegen  0.51/turn              C - ring of protection from cold {!d}
MPRegen  0.18/turn              u - +3 ring of evasion

@: berserking, very slightly contaminated, very quick
A: large, unfitting armour, antennae 1, iridescent scales 1, rugged brown scales
1, slimy green scales 1, blink, clarity, clever 1, fire resistance 1, high mp 1,
screaming 1, shaggy fur 1, strong 2, tough skin 1, MP-powered wands
a: Blink, Renounce Religion


You were on level 15 of the Dungeon.
You worshipped Xom.
You were a favourite toy of Xom.
You were very hungry.

You visited 3 branches of the dungeon, and saw 21 of its levels.
You visited 1 bazaar.
You also visited: Gauntlet and Volcano.

You collected 1743 gold pieces.
You spent 1710 gold pieces at shops.

Inventory:

Hand Weapons
 a - a +0 war axe of electrocution
 b - the +1 flail of Wounding {crush, Dex+9}
   (You found it on level 11 of the Dungeon)

   It inflicts extra damage upon your enemies.
   It affects your dexterity (+9).
 w - a +1 broad axe
 A - a +0 war axe of chopping (weapon)
Missiles
 i - 532 stones (quivered)
 j - 18 tomahawks
 k - 33 javelins
 o - 7 steel tomahawks
 B - 2 silver javelins
 T - 7 large rocks
Armour
 d - a +1 robe of fire resistance (worn)
 K - a +2 robe
 O - a +2 cloak (worn)
 Y - a scarf of repulsion
Magical Staves
 q - an uncursed staff of wizardry {!a}
Jewellery
 s - a +4 amulet of reflection (around neck)
 u - a +3 ring of evasion (right hand)
 v - an uncursed ring of resist corrosion
 C - a ring of protection from cold (left hand) {!d}
 W - the ring "Vuez" {Fire Int+6 Stlth-}
   (Xom gifted it to you on level 6 of the Lair of Beasts)

   [ring of fire]

   It enhances your fire magic.
   It affects your intelligence (+6).
   It protects you from fire.
   It makes you vulnerable to cold.
   It makes you less stealthy.
Wands
 I - a wand of digging (7)
 J - a wand of clouds (4)
 N - a wand of iceblast (7)
Scrolls
 f - a scroll of identify
 g - 3 scrolls of fog
 l - 3 scrolls of enchant armour
 m - a scroll of magic mapping
 p - 2 scrolls of enchant weapon
 r - 10 scrolls of remove curse
 t - 9 scrolls of teleportation {!r}
 z - 3 scrolls of fear {!r}
 L - 4 scrolls of amnesia
 P - 4 scrolls of vulnerability
 X - 3 scrolls of blinking
Potions
 e - 8 potions of curing
 h - a potion of magic
 n - 2 potions of flight
 x - 3 potions of brilliance
 y - a potion of lignification
 D - 8 potions of mutation {!q}
 E - 5 potions of haste
 F - 2 potions of cancellation
 G - 4 potions of might
 R - 2 potions of ambrosia {!q}
 S - 4 potions of resistance
 Z - 4 potions of agility
Miscellaneous
 H - a sack of spiders
Comestibles
 c - 39 rations


   Skills:
 + Level 14.2 Fighting
 - Level 16.0 Axes
 + Level 10.8 Throwing
 + Level 9.7 Dodging
 - Level 4.0 Spellcasting
 + Level 4.4 Summonings
 - Level 5.0 Translocations
 + Level 4.4 Air Magic


You had 14 spell levels left.
You knew the following spells:

 Your Spells              Type           Power        Failure   Level  Hunger
a - Summon Lightning Spi  Summ/Air       ###.....     26%         4    ####...
b - Confusing Touch       Hex            #.....       16%         1    None
e - Blink                 Tloc           N/A          3%          2    ##.....
z - Apportation           Tloc           ###...       1%          1    None

Your spell library contained the following spells:

 Spells                   Type           Power        Failure   Level  Hunger
 Summon Small Mammal      Summ           ###.         2%          1    None
 Call Imp                 Summ           ###.....     3%          2    ##.....
 Call Canine Familiar     Summ           ###.....     8%          3    ###....
 Animate Skeleton         Necr           N/A          16%         1    None
 Magic Dart               Conj           #...         16%         1    None
 Summon Guardian Golem    Hex/Summ       ##......     19%         3    ###....
 Corpse Rot               Necr           N/A          24%         2    ##.....
 Ensorcelled Hibernation  Hex/Ice        #.....       24%         2    ##.....
 Slow                     Hex            #.......     24%         2    ##.....
 Sublimation of Blood     Necr           #.........   24%         2    ##.....
 Mephitic Cloud           Conj/Pois/Air  #.......     26%         3    ###....
 Conjure Flame            Conj/Fire      #.......     43%         3    ###....
 Summon Ice Beast         Ice/Summ       ##......     54%         4    ####...
 Silence                  Hex/Air        ##........   87%         5    ######.
 Shadow Creatures         Summ           N/A          98%         6    #######
 Agony                    Necr           #.......     99%         5    ######.
 Bolt of Draining         Conj/Necr      #.........   99%         5    ######.
 Bolt of Magma            Conj/Fire/Erth #.........   99%         5    ######.
 Borgnjor's Vile Clutch   Necr/Erth      #.........   99%         5    ######.
 Dispel Undead            Necr           #.......     99%         5    ######.
 Excruciating Wounds      Chrm/Necr      #.........   99%         5    ######.
 Iskenderun's Battlesphe  Conj/Chrm      #.......     99%         5    ######.
 Venom Bolt               Conj/Pois      #.........   99%         5    ######.
 Darkness                 Hex            #.........   100%        6    #######
 Iron Shot                Conj/Erth      #.........   100%        6    #######
 Orb of Destruction       Conj           #.........   100%        7    #######
 Spellforged Servitor     Conj/Summ      ##........   100%        7    #######


Dungeon Overview and Level Annotations

Branches:
Dungeon (15/15)            Temple (1/1) D:5            Lair (6/6) D:9
  Swamp (0/4) Lair:3        Snake (0/4) Lair:3        Slime (0/5) Lair:5
    Orc (0/2) D:12         Depths (0/5) D:15
 Vaults: D:13-14

Altars:
Cheibriados
Dithmenos
Fedhas
Makhleb
Nemelex Xobeh
Okawaru
Qazlal
Sif Muna
Trog
Uskayaw
Vehumet
Xom
Zin
Jiyva

Shops:
D:9 :(   D:10 *

Portals:
Ice
Cave: D:15

Annotations:
D:7 4 runed translucent doors
Lair:3 exclusion: 3 oklob plants
Lair:4 2 transporters, exclusion: oklob plant, Zaegoraum's ghost, journeyman DsAK


Innate Abilities, Weirdness & Mutations

You are too large for most types of armour.
You have tough skin. (AC +1)
You have a pair of small antennae on your head.
You are partially covered in iridescent scales. (AC +2)
You are partially covered in rugged brown scales. (AC +1, +3% HP)
You are partially covered in slimy green scales. (AC +2)
You can translocate small distances at will.
You possess an exceptional clarity of mind.
Your mind is acute. (Int +2)
Your flesh is heat resistant. (rF+)
You have an increased reservoir of magic. (+10% MP)
You occasionally shout uncontrollably at your foes.
You are covered in fur. (AC +1)
Your muscles are very strong. (Str +4)
You expend magic power (3 MP) to strengthen your wands.


Message History

Aiming: Phantom Mirror
Press: ? - help, Dir - move target cursor, f - ice dragon
Aim: an ice dragon You reflect the ice dragon with the mirror, and the mirror shatters!
You feel yourself speed up.
Your ice dragon bites the ice dragon but does no damage.
Your ice dragon claws the ice dragon but does no damage.
Your ice dragon tramples the ice dragon!
The ice dragon holds its ground!
The ice dragon breathes frost at you. The blast of cold misses you.
Your ice dragon bites the ice dragon.
Your ice dragon claws the ice dragon but does no damage.
Your ice dragon tramples the ice dragon.
The ice dragon holds its ground!
You block the ice dragon's attack. The ice dragon claws you!
* * * LOW HITPOINT WARNING * * *
The ice dragon tramples you.
* * * LOW HITPOINT WARNING * * *
You hold your ground!
You take 17 damage, and have 58/166 hp.
You barely miss the ice dragon.
The ice dragon is lightly wounded.
You hit the ice dragon but do no damage.
The ice dragon is lightly wounded.
The ice dragon breathes frost at you. The blast of cold hits you! You resist.
* * * LOW HITPOINT WARNING * * *
You take 16 damage, and have 43/166 hp.
Unknown command.
Casting: Summon Lightning Spire (quite dangerous; 26% risk of failure)
Confirm with . or Enter, or press ? or * to list all spells.
Aiming: Summon Lightning Spire (quite dangerous; 26% risk of failure)
Press: ? - help, Dir - move target cursor, p - ice dragon You miscast Summon Lightning Spire.
You are very lightly contaminated with residual magic.
Ouch! You feel a sudden electric shock.
Your ice dragon shimmers and vanishes!
You block the ice dragon's attack. The ice dragon claws you!
* * * LOW HITPOINT WARNING * * *
You block the ice dragon's attack.
You take 9 damage, and have 34/166 hp.
You now have 19/23 mp.
Unknown command.
Casting: Summon Lightning Spire (quite dangerous; 26% risk of failure)
Confirm with . or Enter, or press ? or * to list all spells.
Aiming: Summon Lightning Spire (quite dangerous; 26% risk of failure)
Press: ? - help, Dir - move target cursor An electric hum fills the air.
You are feeling very hungry.
The ice dragon bites you!
* * * LOW HITPOINT WARNING * * *
The ice dragon claws you!
* * * LOW HITPOINT WARNING * * *
The ice dragon completely misses you.
You take 26 damage, and have 8/166 hp.
You now have 15/23 mp.
You feel better. The ice dragon completely misses you.
You block the ice dragon's attack. The ice dragon completely misses you.
You regained 6 hp, and now have 14/167 hp.
Casting: Summon Lightning Spire (quite dangerous; 26% risk of failure)
Confirm with . or Enter, or press ? or * to list all spells.
Okay, then.
Evoke which item? (* to show all) (? for menu, Esc to quit)
Okay, then.
Casting: Summon Lightning Spire (quite dangerous; 26% risk of failure)
Confirm with . or Enter, or press ? or * to list all spells.
Okay, then.
Evoke which item? (* to show all) (? for menu, Esc to quit)
Okay, then.
You feel better. The ice dragon barely misses you. x2
The ice dragon closely misses you.
Your lightning spire shoots out a bolt of lightning at the ice dragon!
The bolt of electricity hits the ice dragon. x2
Xom thinks this is hilarious!
The bolt of electricity hits your lightning spire.
Your lightning spire completely resists.
The bolt of electricity hits your lightning spire.
Your lightning spire completely resists.
You regained 7 hp, and now have 21/167 hp.
The ice dragon breathes frost at you. The blast of cold hits you! You resist.
* * * LOW HITPOINT WARNING * * *
You take 14 damage, and have 7/167 hp.
You feel better.
You regained 10 hp, and now have 17/167 hp.
Evoke which item? (* to show all) (? for menu, Esc to quit)
Okay, then.
Really quaff
M - a potion of berserk rage {!q}?
A red film seems to cover your vision as you go berserk!
You feel yourself moving faster!
You feel mighty! The ice dragon bites you.
* * * LOW HITPOINT WARNING * * *
The ice dragon claws you!
* * * LOW HITPOINT WARNING * * *
The ice dragon closely misses you.
You now have 9/250 hp.
You completely miss the ice dragon.
The ice dragon is moderately wounded.
Unknown command.
You slice the ice dragon!!
The ice dragon is heavily wounded.
The ice dragon bites you!
You die...

** *,,,,,,,,,*
*,........#
**,,.......#
*,,,,......#
*,,,,,.....#
*,,,,,,....#
*****,,,...#
*#*********#..#
*****...*Y* ####@.#
,R**,.Dh..###D##D.#
,,**D.∩...D..#†#.8#
,,**,...$#.####)..#
,,***.,,*#** ##..#
,,* *****#######..#
,,###### #....##..#
,,#....###+##.....#
,,#.........#.....#


You could see an ice dragon and a friendly lightning spire.

Vanquished Creatures
  A minotaur (Gauntlet)
  Erolcha (D:10)
  Harold (D:9)
  3 hydras
  A catoblepas (Lair:6)
  2 two-headed ogres
  A death knight (D:11)
  6 death yaks (Lair:5)
  A sun demon (Volcano)
  Urug (Lair:3)
  A fire crab (Gauntlet)
  A wizard (D:15)
  4 ugly things
  An orc sorcerer (Volcano)
  An oklob plant (Lair:4)
  A cyclops (D:14)
  A guardian serpent (D:12)
  2 black mambas
  Maurice (D:10)
  11 elephants
  2 gargoyles
  25 spiny frogs
  2 molten gargoyles (Volcano)
  An efreet (D:15)
  A yaktaur (Lair:2)
  2 komodo dragons (Lair:6)
  3 kobold demonologists (D:15)
  7 rime drakes
  A queen bee (Lair:1)
  4 trolls
  4 tyrant leeches (Lair:6)
  5 polar bears
  21 blink frogs
  A bog body (Lair:3)
  7 dream sheep (Lair:4)
  15 hippogriffs
  A vampire (D:10)
  A wyvern (D:11)
  8 fire bats
  2 basilisks
  A human (D:8)
  25 yaks
  Grum (D:9)
  A large abomination (Gauntlet)
  10 vampire mosquitoes
  A warg (D:12)
  2 nagas (Lair:3)
  3 swamp worms (Gauntlet)
  8 water moccasins
  Duvessa (D:6)
  2 hell hounds
  6 orc warriors
  10 porcupines
  6 black bears
  2 ice beasts
  2 necrophages
  2 sky beasts
  An eye of draining (D:10)
  2 phantoms
  5 ogres
  3 centaurs
  7 wolves
  12 crocodiles
  2 big kobolds (D:9)
  27 bullfrogs
  3 small abominations (Gauntlet)
  Dowan (D:6)
  5 scorpions
  26 killer bees
  10 wights
  3 electric eels (Lair:6)
  2 howler monkeys
  5 crimson imps
  7 lava snakes (Volcano)
  A bullfrog zombie (D:7)
  A quasit (D:7)
  2 centaur zombies
  5 jellies
  18 orc wizards
  A bullfrog skeleton (D:7)
  8 hounds
  13 orc priests
  5 centaur skeletons
  5 iguanas
  5 worker ants
  3 gnolls
  10 adders
  A river rat (shapeshifter) (D:3)
  5 shadow imps
  4 oozes
  2 adder zombies
  2 adder skeletons
  5 dart slugs
  6 leopard geckos
  60 orcs
  3 bats
  5 giant cockroaches
  9 goblins
  7 hobgoblins
  6 jackals (D:5)
  14 kobolds
  6 quokkas
  A ball python (D:3)
  5 frilled lizards
  A quokka zombie (D:6)
  10 rats
  A fungus (Lair:4)
  12 plants
601 creatures vanquished.

Vanquished Creatures (collateral kills)
  Joseph (D:7)
  An orc warrior (D:14)
  An ice beast (D:14)
  A phantom (D:14)
  2 wights (D:14)
  A howler monkey (D:6)
  An adder (D:3)
  3 orcs (D:14)
11 creatures vanquished.

Vanquished Creatures (others)
  2 killer bees
  An orc wizard (D:3)
  A gnoll (D:2)
  A kobold (D:9)
  8 bushes (Lair:6)
  A demonic plant (Gauntlet)
  62 fungi
  84 plants
160 creatures vanquished.

Grand Total: 772 creatures vanquished

Notes
Turn   | Place    | Note
-------+----------+-------------------------------------------
     0 | D:1      | Monsterracer the Ogre Chaos Knight began the quest for the
                  | Orb.
     0 | D:1      | Reached XP level 1. HP: 24/24 MP: 1/1
   450 | D:1      | Reached XP level 2. HP: 32/32 MP: 2/2
   871 | D:2      | XOM: harmless Conj miscast
   923 | D:2      | Reached XP level 3. HP: 33/40 MP: 3/3
  1037 | D:2      | XOM: summons 1 hostile demon
  1131 | D:2      | XOM: chaos upgrade
  1137 | D:2      | XOM: confuse monster(s)
  1139 | D:2      | XOM: destruction
  1145 | D:2      | HP: 13/40 [gnoll/+0 flail of chaos (11)]
  1146 | D:2      | Reached skill level 4 in Axes
  1146 | D:2      | Reached skill level 1 in Throwing
  1207 | D:2      | HP: 16/40 [hobgoblin/cursed -2 club (5)]
  1401 | D:2      | XOM: scenery: create altars
  1477 | D:2      | Reached XP level 4. HP: 49/49 MP: 4/4
  1534 | D:2      | XOM: harmless Ice miscast
  2250 | D:3      | Noticed a glowing shapeshifter
  2250 | D:3      | an orc changed into a glowing shapeshifter
  2250 | D:3      | Noticed a swamp dragon
  2250 | D:3      | a glowing shapeshifter changed into a swamp dragon
  2251 | D:3      | HP: 22/49 [swamp dragon (glowing shapeshifter) (10)]
  2254 | D:3      | Noticed a sea snake
  2254 | D:3      | a swamp dragon changed into a sea snake
  2258 | D:3      | Noticed a merfolk
  2258 | D:3      | a sea snake changed into a merfolk
  2261 | D:3      | HP: 16/49 [orc priest/divine providence (11)]
  2265 | D:3      | Noticed a sea snake
  2265 | D:3      | a merfolk changed into a sea snake
  2493 | D:3      | Found an iron altar of Okawaru.
  2515 | D:3      | Reached skill level 5 in Fighting
  2515 | D:3      | XOM: divine lightning
  2520 | D:3      | Reached XP level 5. HP: 41/57 MP: 5/5
  2548 | D:3      | XOM: give mutation
  2548 | D:3      | Gained mutation: Armour fits poorly on your strangely
                  | shaped body. [Xom's mischief]
  2559 | D:3      | XOM: confusion
  2826 | D:3      | XOM: summons 1 hostile demon
  2829 | D:3      | HP: 25/57 [wight/+1 halberd (10)]
  2833 | D:3      | Reached skill level 5 in Axes
  2944 | D:3      | HP: 24/57 [wight/cursed +3 hand axe of freezing (8)]
  2950 | D:3      | XOM: summons 1 hostile demon
  2956 | D:3      | Noticed a centaur
  2961 | D:3      | HP: 28/57 [quasit[Xom] (1)]
  2964 | D:3      | XOM: blink monster(s)
  2965 | D:3      | Reached XP level 6. HP: 32/66 MP: 6/6
  2966 | D:3      | HP: 31/66 [quasit[Xom] (1)]
  3156 | D:3      | XOM: stat loss: -1 Int (13/14)
  3426 | D:3      | XOM: enchant monster (bad)
  3427 | D:3      | XOM: 3-stop teleportation journey
  3875 | D:3      | XOM: 8-stop teleportation journey
  3964 | D:4      | Reached XP level 7. HP: 58/75 MP: 7/7
  3980 | D:4      | HP: 37/75 [iguana (7)]
  3983 | D:4      | Reached skill level 6 in Axes
  3987 | D:4      | HP: 34/75 [poisoned by a worker ant]
  4468 | D:4      | XOM: 5-stop teleportation journey
  4631 | D:4      | Found a burning altar of Makhleb.
  4637 | D:4      | Found a blossoming altar of Fedhas.
  4638 | D:4      | Found a deep blue altar of Sif Muna.
  4653 | D:4      | XOM: harmless Tloc miscast
  4703 | D:5      | Entered Level 5 of the Dungeon
  4754 | D:5      | Found a staircase to the Ecumenical Temple.
  4773 | D:5      | XOM: polymorph orc priest -> gnoll
  4945 | D:5      | Reached XP level 8. HP: 73/84 MP: 8/8
  4969 | D:5      | Reached skill level 7 in Axes
  5132 | D:5      | Found a bloodstained altar of Trog.
  5233 | D:5      | XOM: harmless Necr miscast
  5420 | D:5      | Found a stormy altar of Qazlal.
  5429 | D:5      | Found a shadowy altar of Dithmenos.
  5429 | D:5      | Found a glowing silver altar of Zin.
  5429 | D:5      | Found a sparkling altar of Nemelex Xobeh.
  5572 | D:5      | Found a radiant altar of Vehumet.
  5577 | D:5      | Found a hide-covered altar of Uskayaw.
  5701 | Temple   | Entered the Ecumenical Temple
  5707 | D:5      | XOM: summons 1 hostile shadow creature
  6061 | D:5      | Found an iron altar of Okawaru.
  6135 | D:6      | Noticed Duvessa
  6137 | D:6      | Noticed Dowan
  6141 | D:6      | XOM: scenery: create altars
  6148 | D:6      | XOM: cleaving
  6242 | D:6      | XOM: 3-stop teleportation journey
  6333 | D:6      | XOM: noise
  6393 | D:6      | XOM: summons 5 friendly demons
  6402 | D:6      | Reached skill level 8 in Axes
  6582 | D:6      | XOM: harmless Fire miscast
  6598 | D:6      | Killed Duvessa
  6604 | D:6      | XOM: give mutations
  6604 | D:6      | Gained mutation: You are frail. (-10% HP) [Xom's mischief]
  6604 | D:6      | Gained mutation: You expend magic power (3 MP) to
                  | strengthen your wands. [Xom's mischief]
  6604 | D:6      | Gained mutation: You are partially covered in slimy green
                  | scales. (AC +2) [Xom's mischief]
  6605 | D:6      | Killed Dowan
  6605 | D:6      | Reached XP level 9. HP: 66/86 MP: 9/9
  6974 | D:6      | Reached skill level 5 in Throwing
  7127 | D:7      | Found a huge runed translucent gate.
  7133 | D:7      | Found a huge runed translucent gate.
  7134 | D:7      | Found a huge runed translucent gate.
  7134 | D:7      | Noticed a polar bear
  7135 | D:7      | Found a huge runed translucent gate.
  7135 | D:7      | Noticed a polar bear
  7136 | D:7      | Noticed a polar bear
  7242 | D:7      | XOM: medium Fire miscast
  7255 | D:7      | HP: 43/86 [poisoned by a killer bee]
  7260 | D:7      | HP: 32/86 [quasit (2)]
  7266 | D:7      | HP: 25/86 [poisoned by a killer bee]
  7274 | D:7      | HP: 26/87 [poisoned by a killer bee]
  7351 | D:7      | XOM: give mutations
  7351 | D:7      | Lost mutation: You are frail. (-10% HP) [Xom's mischief]
  7351 | D:7      | Gained mutation: Your body sometimes deteriorates upon
                  | taking damage. [Xom's mischief]
  7351 | D:7      | Lost mutation: Your body sometimes deteriorates upon taking
                  | damage. [Xom's mischief]
  7370 | D:7      | XOM: give mutation
  7370 | D:7      | Lost mutation: Armour fits poorly on your strangely shaped
                  | body. [Xom's mischief]
  7472 | D:7      | XOM: god gift: short sword {god gift}
  7582 | D:7      | XOM: mild Hex miscast
  7752 | D:7      | XOM: god gift: 39 gold pieces
  7764 | D:7      | XOM: polymorph orc warrior -> bullfrog
  7939 | D:7      | XOM: 3-stop teleportation journey
  7964 | D:7      | Noticed Joseph
  7969 | D:7      | XOM: confusion (+ monsters)
  7979 | D:7      | Killed Joseph
  7981 | D:7      | Reached skill level 9 in Axes
  8271 | D:7      | Found a shimmering altar of Xom.
  8741 | D:8      | XOM: mild Air miscast
  8801 | D:8      | XOM: 1-stop teleportation journey
  8804 | D:8      | XOM: harmless Ice miscast
  8808 | D:8      | XOM: potion effect (agility)
  8813 | D:8      | HP: 45/97 [hippogriff (9)]
  8819 | D:8      | XOM: confuse monster(s)
  8876 | D:8      | XOM: medium Summ miscast
  9133 | D:8      | XOM: 3-stop teleportation journey
  9353 | D:8      | Reached XP level 10. HP: 99/107 MP: 10/10
  9486 | D:8      | XOM: harmless Fire miscast
  9523 | D:8      | XOM: harmless Summ miscast
  9569 | D:8      | XOM: harmless Hex miscast
  9635 | D:9      | Noticed a gargoyle
  9636 | D:9      | XOM: chaos upgrade
  9638 | D:9      | XOM: chaos upgrade
  9641 | D:9      | XOM: harmless Hex miscast
  9646 | D:9      | Reached skill level 5 in Dodging
  9789 | D:8      | XOM: stat loss: -1 Int (13/14)
 10043 | D:9      | HP: 46/107 [troll (9)]
 10045 | D:9      | Reached skill level 10 in Axes
 10049 | D:9      | HP: 38/107 [porcupine's spines (8)]
 10078 | D:9      | HP: 41/107 [hound (4)]
 10083 | D:9      | XOM: harmless Fire miscast
 10083 | D:9      | HP: 35/107 [hound (2)]
 10084 | D:9      | XOM: cast spell 'Call Canine Familiar'
 10093 | D:9      | HP: 34/109 [black bear (2)]
 10100 | D:9      | XOM: confusion (+ monsters)
 10106 | D:9      | HP: 36/109 [black bear (2)]
 10117 | D:9      | XOM: enchant monster (bad)
 10117 | D:9      | HP: 36/109 [black bear (1)]
 10121 | D:9      | XOM: noise
 10151 | D:8      | XOM: summons 5 hostile demons
 10153 | D:8      | HP: 40/109 [iron imp[Xom] (3)]
 10158 | D:8      | HP: 9/109 [iron imp[Xom] (11)]
 10281 | D:8      | XOM: summons 4 hostile shadow creatures
 10290 | D:8      | HP: 39/109 [centaur/arrow[Xom] (7)]
 10482 | D:8      | XOM: harmless Hex miscast
 10622 | D:9      | XOM: 2-stop teleportation journey
 10812 | D:9      | HP: 52/110 [gargoyle/+3 mace of chaos (11)]
 10815 | D:9      | Killed a gargoyle
 10815 | D:9      | Reached skill level 10 in Fighting
 10822 | D:9      | Found a staircase to the Lair.
 10824 | D:9      | XOM: chaos cloud
 10825 | D:9      | XOM: swap monsters
 10832 | D:9      | HP: 42/110 [black bear (2)]
 10839 | D:8      | HP: 26/110 [bullfrog (3)]
 10844 | D:8      | HP: 9/110 [bullfrog (8)]
 11269 | D:9      | Found Xilonue's Weapon Emporium.
 11293 | D:9      | Bought a +0 battleaxe of chopping for 163 gold pieces
 11369 | D:9      | You fall through a shaft for 2 floors!
 11373 | D:11     | XOM: chaos upgrade
 11542 | D:11     | XOM: 4-stop teleportation journey
 11663 | D:11     | HP: 47/111 [troll (10)]
 11668 | D:11     | XOM: draining
 11673 | D:11     | HP: 18/111 [troll (8)]
 11678 | D:11     | XOM: cast spell 'Leda's Liquefaction'
 11684 | D:11     | XOM: 1-stop teleportation journey
 11703 | D:11     | XOM: scenery: create altars
 12020 | D:11     | XOM: scenery: create altars
 12022 | D:11     | HP: 49/111 [troll (13)]
 12024 | D:11     | Reached skill level 11 in Axes
 12213 | D:11     | XOM: god gift: 21 gold pieces
 12243 | D:11     | XOM: 2-stop teleportation journey
 12266 | D:11     | Reached XP level 11. HP: 98/119 MP: 11/11
 12328 | D:11     | XOM: 6-stop teleportation journey
 12390 | D:11     | Got a warped flail
 12458 | D:11     | Identified the cursed +1 flail of Wounding {crush, Dex+9}
                  | (You found it on level 11 of the Dungeon)
 12562 | D:10     | Entered Level 10 of the Dungeon
 12627 | D:10     | XOM: give mutation
 12627 | D:10     | Gained mutation: You have large cloven feet. [Xom's grace]
 12667 | D:10     | XOM: divination: detect creatures
 12669 | D:10     | Noticed a two-headed ogre
 12680 | D:10     | XOM: enchant monster (good)
 12684 | D:10     | HP: 56/119 [two-headed ogre/+0 giant club (15)]
 12687 | D:10     | HP: 24/119 [two-headed ogre/+0 giant club (11)]
 12688 | D:10     | Killed a two-headed ogre
 12771 | D:10     | XOM: scenery: create altars
 13010 | D:10     | XOM: 4-stop teleportation journey
 13086 | D:10     | XOM: 5-stop teleportation journey
 13183 | D:10     | XOM: give mutations
 13183 | D:10     | Gained mutation: You can translocate small distances at
                  | will. [Xom's grace]
 13183 | D:10     | Gained mutation: You are robust. (+10% HP) [Xom's grace]
 13229 | D:10     | XOM: harmless Summ miscast
 13284 | D:10     | HP: 63/130 [something (6)]
 13386 | D:9      | Noticed Harold
 13394 | D:9      | XOM: 2-stop teleportation journey
 13404 | D:9      | XOM: cloud trail
 13532 | D:9      | XOM: give mutations
 13532 | D:9      | Gained mutation: You are partially covered in rugged brown
                  | scales. (AC +1, +3% HP) [Xom's grace]
 13532 | D:9      | Gained mutation: Your flesh is heat resistant. (rF+) [Xom's
                  | grace]
 13532 | D:9      | Gained mutation: Your flesh is cold resistant. (rC+) [Xom's
                  | grace]
 13532 | D:9      | Gained mutation: You have an increased reservoir of magic.
                  | (+10% MP) [Xom's grace]
 13537 | D:9      | Killed Harold
 13580 | D:9      | Found Kyupaf's Book Shoppe.
 13586 | D:9      | Bought a book of Minor Magic for 220 gold pieces
 13589 | D:9      | Learned a level 2 spell: Blink
 13589 | D:9      | Bought a book of Cantrips for 220 gold pieces
 13591 | D:9      | Learned a level 1 spell: Apportation
 13593 | D:9      | Learned a level 1 spell: Confusing Touch
 13744 | D:9      | HP: 56/135 [/a scroll of torment (53)]
 13774 | D:9      | XOM: give mutations
 13774 | D:9      | Gained mutation: You have a pair of small antennae on your
                  | head. [Xom's grace]
 13774 | D:9      | Gained mutation: You are partially covered in iridescent
                  | scales. (AC +2) [Xom's grace]
 13774 | D:9      | Gained mutation: You are agile. (Dex +2) [Xom's grace]
 14025 | D:9      | You fall through a shaft for 3 floors!
 14028 | D:12     | XOM: 1-stop teleportation journey
 14107 | D:12     | HP: 57/135 [orc warrior/+0 mace (11)]
 14419 | D:12     | Noticed a seven-headed hydra
 14420 | D:12     | XOM: repel stairs
 14426 | D:12     | XOM: fog
 14432 | D:12     | XOM: divination: detect items
 14433 | D:12     | XOM: summons 4 friendly demons
 14435 | D:12     | XOM: divination: detect items
 14446 | D:12     | XOM: summons friendly quasit
 14471 | D:12     | XOM: polymorph quasit -> iron imp
 14474 | D:12     | XOM: medium Erth miscast
 14482 | D:11     | XOM: scenery: create altars
 14485 | D:11     | HP: 65/135 [orc warrior/+0 mace (8)]
 14494 | D:11     | HP: 62/135 [phantom (6)]
 14495 | D:11     | XOM: silly message
 14716 | D:11     | XOM: give mutations
 14716 | D:11     | Gained mutation: Your body sometimes deteriorates upon
                  | taking damage. [Xom's mischief]
 14716 | D:11     | Lost mutation: You are agile. (Dex +2) [Xom's mischief]
 14759 | D:12     | Killed a seven-headed hydra
 14759 | D:12     | Reached skill level 12 in Axes
 14759 | D:12     | Reached skill level 1 in Translocations
 15043 | D:12     | XOM: polymorph orc warrior -> warg
 15098 | D:12     | Found a staircase to the Orcish Mines.
 15151 | D:12     | XOM: god gift: 28 gold pieces
 15256 | D:12     | Noticed a brown ugly thing
 15262 | D:12     | XOM: mild Air miscast
 15265 | D:12     | XOM: polymorph brown ugly thing -> green ugly thing
 15272 | D:12     | Killed a green ugly thing
 15405 | D:12     | Noticed a death knight
 15408 | D:12     | HP: 52/135 [death knight/+3 battleaxe (18)]
 15415 | D:12     | HP: 17/135 [??? (15)]
 15420 | D:12     | HP: 11/135 [??? (8)]
 15435 | D:12     | XOM: noise
 15463 | D:12     | HP: 13/135 [??? (11)]
 15619 | D:11     | XOM: god gift: 20 stones
 15910 | D:11     | XOM: harmless Chrm miscast
 16328 | D:10     | Noticed Erolcha
 16328 | D:10     | XOM: divination: magic mapping
 16338 | D:10     | XOM: divination: detect items
 16340 | D:10     | Killed Erolcha
 16340 | D:10     | Reached XP level 12. HP: 110/148 MP: 13/13
 16457 | D:10     | XOM: silly message
 16542 | D:10     | Noticed Maurice
 16551 | D:10     | Killed Maurice
 16807 | D:10     | Found Jeyve's General Store.
 16818 | D:10     | Bought 2 scrolls of teleportation for 66 gold pieces
 16818 | D:10     | Bought a scroll of identify for 22 gold pieces
 16957 | D:10     | XOM: harmless Tmut miscast
 17167 | D:9      | Noticed Grum
 17182 | D:9      | XOM: scenery: create altars
 17199 | D:9      | Killed Grum
 17309 | D:9      | XOM: medium Summ miscast
 17459 | D:11     | XOM: cast spell 'Dispersal'
 17462 | D:11     | HP: 62/149 [??? (59)]
 17464 | D:11     | XOM: enchant monster (good)
 17746 | Lair:1   | Entered Level 1 of the Lair of Beasts
 18076 | Lair:1   | XOM: destruction
 18088 | Lair:1   | XOM: summons friendly shadow imp
 18089 | Lair:1   | Noticed a four-headed hydra
 18094 | Lair:1   | HP: 52/149 [spiny frog (23)]
 18100 | Lair:1   | HP: 48/149 [poisoned by a queen bee]
 18106 | Lair:1   | HP: 43/149 [poisoned by a queen bee]
 18112 | Lair:1   | HP: 43/149 [poisoned by a queen bee]
 18118 | Lair:1   | XOM: 1-stop teleportation journey
 18120 | Lair:1   | HP: 44/149 [poisoned by a queen bee]
 18462 | Lair:1   | Killed a four-headed hydra
 19401 | Lair:2   | Reached skill level 13 in Axes
 19570 | Lair:2   | XOM: divination: detect creatures
 19660 | Lair:2   | XOM: give mutations
 19660 | Lair:2   | Gained mutation: Your spells are a little harder to cast,
                  | but a little more powerful. [Xom's grace]
 19660 | Lair:2   | Gained mutation: You possess an exceptional clarity of
                  | mind. [Xom's grace]
 19719 | Lair:2   | XOM: scenery: 2 doors open
 19804 | Lair:2   | XOM: summons friendly quasit
 19872 | Lair:2   | XOM: fog
 19873 | Lair:2   | XOM: cleaving
 20004 | Lair:2   | XOM: potion effect (agility)
 20033 | Lair:2   | XOM: fake destruction
 20036 | Lair:2   | XOM: polymorph elephant -> swamp dragon
 20040 | Lair:2   | XOM: polymorph swamp dragon -> yaktaur
 20043 | Lair:2   | XOM: harmless Air miscast
 20142 | Lair:2   | XOM: medium Tloc miscast
 20238 | Lair:2   | XOM: smoke on damage
 20275 | Lair:2   | XOM: harmless Chrm miscast
 20336 | Lair:2   | XOM: give mutations
 20336 | Lair:2   | Lost mutation: Your flesh is cold resistant. (rC+) [Xom's
                  | mischief]
 20336 | Lair:2   | Lost mutation: You have large cloven feet. [Xom's mischief]
 20336 | Lair:2   | Lost mutation: You are robust. (+10% HP) [Xom's mischief]
 20388 | Lair:2   | XOM: swap monsters
 20461 | Lair:2   | XOM: medium Tmut miscast
 20465 | Lair:2   | Lost mutation: Your body sometimes deteriorates upon taking
                  | damage. [mutagenic glow]
 20495 | Lair:2   | XOM: give mutations
 20495 | Lair:2   | Gained mutation: Your muscles are strong. (Str +2) [Xom's
                  | grace]
 20495 | Lair:2   | Gained mutation: You are covered in fur. (AC +1) [Xom's
                  | grace]
 20495 | Lair:2   | Gained mutation: Your mind is acute. (Int +2) [Xom's grace]
 20495 | Lair:2   | Gained mutation: Your muscles are very strong. (Str +4)
                  | [Xom's grace]
 20656 | Lair:2   | Reached XP level 13. HP: 131/145 MP: 14/14
 21134 | Lair:2   | XOM: god gift: ration
 21178 | Lair:2   | XOM: summons 5 hostile demons
 21304 | Lair:3   | Found a staircase to the Swamp.
 21313 | Lair:3   | XOM: harmless Pois miscast
 21406 | Lair:3   | XOM: enchant monster (bad)
 21419 | Lair:3   | XOM: harmless Air miscast
 21452 | Lair:3   | XOM: medium Pois miscast
 21517 | Lair:3   | Noticed Urug
 21531 | Lair:3   | XOM: potion effect (brilliance)
 21536 | Lair:3   | Killed Urug
 21552 | Lair:3   | XOM: harmless Hex miscast
 21572 | Lair:3   | Found a staircase to the Snake Pit.
 21635 | Lair:3   | Learned a level 4 spell: Summon Lightning Spire
 21653 | Lair:3   | XOM: cast spell 'Olgreb's Toxic Radiance'
 21660 | Lair:3   | Reached skill level 5 in Translocations
 21703 | Lair:3   | Found a dark tunnel.
 21712 | Volcano  | Entered a volcano
 22044 | Volcano  | Found a radiant altar of Vehumet.
 22060 | Volcano  | XOM: enchant monster (bad)
 22063 | Volcano  | HP: 69/148 [sun demon (8)]
 22070 | Volcano  | HP: 48/148 [sun demon (6)]
 22074 | Volcano  | HP: 17/148 [sun demon (7)]
 22076 | Volcano  | Reached skill level 1 in Spellcasting
 22080 | Volcano  | HP: 26/148 [red ugly thing (12)]
 22082 | Volcano  | XOM: noise
 22089 | Volcano  | HP: 43/148 [hell hound/blast of flame (3)]
 22098 | Volcano  | XOM: harmless Fire miscast
 22102 | Volcano  | Reached skill level 14 in Axes
 22247 | Volcano  | XOM: harmless Erth miscast
 22422 | Volcano  | HP: 73/148 [molten gargoyle/+0 flail (4)]
 23164 | Lair:3   | XOM: noise
 23176 | Lair:3   | XOM: noise
 23200 | Lair:3   | XOM: harmless Summ miscast
 23301 | Lair:3   | XOM: cleaving
 23313 | Lair:3   | XOM: mild Hex miscast
 23318 | Lair:3   | HP: 71/148 [acid (5)]
 23357 | Lair:3   | XOM: harmless Summ miscast
 23580 | Lair:3   | XOM: stat loss: -1 Int (15/16)
 23727 | Lair:4   | Found a transporter.
 23729 | Lair:4   | Noticed Zaegoraum's ghost (journeyman DsAK)
 23737 | Lair:4   | XOM: potion effect (agility)
 23753 | Lair:4   | Reached skill level 10 in Throwing
 23773 | Lair:4   | XOM: mild Fire miscast
 24045 | Lair:4   | XOM: confuse monster(s)
 24509 | Lair:4   | XOM: silly message
 24629 | Lair:4   | Found a transporter.
 24794 | Lair:4   | XOM: enchant monster (bad)
 24823 | Lair:4   | XOM: give mutation
 24823 | Lair:4   | Lost mutation: Your spells are a little harder to cast, but
                  | a little more powerful. [Xom's mischief]
 24903 | Lair:4   | XOM: harmless Erth miscast
 24921 | Lair:4   | XOM: silly message
 24959 | Lair:4   | Found a snail-covered altar of Cheibriados.
 25034 | Lair:4   | XOM is BORED!
 25034 | Lair:4   | XOM: mild Necr miscast
 25138 | Lair:4   | XOM: harmless Summ miscast
 25422 | Lair:5   | Found a gate leading to a gauntlet.
 25490 | Gauntlet | Entered a Gauntlet
 25490 | Gauntlet | Found a transporter.
 25497 | Gauntlet | Found a transporter.
 25509 | Gauntlet | Found a transporter.
 25518 | Gauntlet | Found a transporter.
 25520 | Gauntlet | Found a transporter.
 25529 | Gauntlet | Found a transporter.
 25543 | Gauntlet | Found a runed translucent door.
 25545 | Gauntlet | Found a transporter.
 25553 | Gauntlet | Found a runed translucent door.
 25556 | Gauntlet | Found a transporter.
 25565 | Gauntlet | Found a transporter.
 25570 | Gauntlet | Found a transporter.
 25584 | Gauntlet | Found a transporter.
 25598 | Gauntlet | Found a transporter.
 25742 | Gauntlet | Found a transporter.
 25753 | Gauntlet | HP: 53/148 [large abomination (30)]
 25796 | Gauntlet | XOM: medium Tloc miscast
 25796 | Gauntlet | HP: 57/148 [something (11)]
 26047 | Gauntlet | Found a runed translucent door.
 26107 | Gauntlet | Reached XP level 14. HP: 132/157 MP: 21/21
 26174 | Gauntlet | XOM: summons 3 hostile demons
 26246 | Gauntlet | XOM: god gift: book of Death
 26403 | Lair:5   | XOM: summons friendly crimson imp
 26408 | Lair:5   | HP: 76/158 [death yak (11)]
 26412 | Lair:5   | XOM: divination: detect items
 26422 | Lair:5   | HP: 41/158 [xom (39)]
 26422 | Lair:5   | XOM: torment (41/158 hp)
 26428 | Lair:4   | HP: 31/158 [hippogriff (10)]
 26795 | Lair:5   | HP: 79/158 [death yak (7)]
 26803 | Lair:5   | XOM: confuse monster(s)
 26961 | Lair:5   | XOM: harmless Chrm miscast
 26977 | Lair:5   | XOM is BORED!
 26977 | Lair:5   | XOM: noise
 27160 | Lair:5   | Found a runed translucent door.
 27163 | Lair:5   | Found a viscous altar of Jiyva.
 27170 | Lair:5   | Found a staircase to the Slime Pits.
 27487 | Lair:5   | XOM: noise
 27643 | Lair:6   | Entered Level 6 of the Lair of Beasts
 27667 | Lair:6   | Reached skill level 1 in Summonings
 27837 | Lair:6   | Reached skill level 15 in Axes
 27837 | Lair:6   | Reached skill level 1 in Air Magic
 28018 | Lair:6   | XOM: harmless Tmut miscast
 28024 | Lair:6   | XOM: harmless Summ miscast
 28123 | Lair:6   | XOM: harmless Chrm miscast
 28214 | Lair:6   | XOM: mild Tloc miscast
 28233 | Lair:6   | XOM: polymorph blink frog -> water moccasin
 28397 | Lair:6   | XOM: divination: detect items
 28519 | Lair:6   | XOM: enchant monster (good)
 28581 | Lair:6   | XOM: summons friendly ufetubus
 28619 | Lair:6   | XOM: summons friendly ufetubus
 28723 | Lair:5   | XOM: scenery: create altars
 28777 | Lair:6   | XOM: divine lightning
 28849 | Lair:6   | XOM: god gift: smoking steel ring {god gift}
 28852 | Lair:6   | Got a smoking steel ring {god gift}
 28856 | Lair:6   | Identified the ring "Vuez" {Fire Int+6 Stlth-} (Xom gifted
                  | it to you on level 6 of the Lair of Beasts)
 28889 | Lair:6   | XOM: scenery: create altars
 28984 | Lair:6   | XOM: god gift: 5 rations
 29166 | Lair:6   | XOM: divination: detect items
 29279 | Lair:6   | XOM is BORED!
 29279 | Lair:6   | XOM: mild Necr miscast
 29449 | Lair:6   | Got a transparent bardiche
 29558 | Lair:6   | Identified the +8 bardiche of Hepliaklqana's Hope
                  | {antimagic, rC+} (You found it on level 6 of the Lair of
                  | Beasts)
 29882 | Lair:6   | XOM: noise
 30228 | Lair:6   | XOM: divination: detect creatures
 30249 | Lair:6   | XOM: enchant monster (good)
 30282 | Lair:6   | HP: 74/157 [tyrant leech (7)]
 30364 | Lair:6   | XOM: cloud trail
 30450 | Lair:6   | XOM: 1-stop teleportation journey
 30587 | Lair:6   | XOM: silly message
 30740 | Lair:6   | XOM: cleaving
 30750 | Lair:6   | XOM: swap monsters
 30877 | Lair:6   | XOM is BORED!
 30877 | Lair:6   | XOM: mild Air miscast
 31507 | Lair:5   | XOM: god gift: 21 stones
 31670 | D:11     | XOM: summons 2 friendly demons
 31938 | D:12     | You fall through a shaft for 3 floors!
 31938 | D:15     | Entered Level 15 of the Dungeon
 31938 | D:15     | Found a flickering gateway to a bazaar.
 31941 | Bazaar   | Entered a bazaar
 31941 | Bazaar   | Found Ethrinent's Antique Armour Emporium.
 31941 | Bazaar   | Found Zuoth's Distillery.
 31959 | Bazaar   | Found Ryfacixt's Gadget Boutique.
 31978 | Bazaar   | Found Qountaicac's General Store.
 31989 | Bazaar   | Found Oloarched's Antique Weapon Boutique.
 31997 | Bazaar   | Bought a glowing war axe for 175 gold pieces
 32009 | Bazaar   | Bought 2 potions of haste for 260 gold pieces
 32009 | Bazaar   | Bought a potion of resistance for 130 gold pieces
 32009 | Bazaar   | Bought a potion of haste for 130 gold pieces
 32009 | Bazaar   | Bought a potion of curing for 39 gold pieces
 32009 | Bazaar   | Bought a potion of curing for 39 gold pieces
 32009 | Bazaar   | Bought a potion of curing for 39 gold pieces
 32031 | Bazaar   | Bought a scroll of blinking for 135 gold pieces
 32031 | Bazaar   | Bought a potion of might for 72 gold pieces
 32076 | D:15     | XOM: blink monster(s)
 32082 | D:15     | Gained mutation: You occasionally shout uncontrollably at
                  | your foes. [a neqoxec]
 32083 | D:15     | Reached XP level 15. HP: 156/166 MP: 23/23
 32210 | D:14     | Reached skill level 16 in Axes
 32229 | D:14     | XOM: cast spell 'Call Canine Familiar'
 32295 | D:15     | XOM: divination: detect creatures
 32308 | D:15     | Found a frozen archway.
 32319 | D:15     | XOM: cleaving
 32335 | D:15     | XOM: divination: magic mapping
 32354 | D:15     | HP: 83/166 [polar bear (3)]
 32372 | D:15     | HP: 75/166 [ice dragon (9)]
 32377 | D:15     | HP: 43/166 [ice dragon/blast of cold (16)]
 32379 | D:15     | HP: 8/166 [ice dragon (15)]
 32384 | D:15     | HP: 23/250 [ice dragon (3)]
 32384 | D:15     | HP: 9/250 [ice dragon (14)]
 32386 | D:15     | Slain by an ice dragon

Skill      XL: |  1  2  3  4  5  6  7  8  9 10 11 12 13 14 15 |
---------------+----------------------------------------------+-----
Axes           | 4 5 6 8 9 11 12 13 14 15 16 | 16.0
Throwing       | 1 2 3 4 6 7 8 9 10 | 10.8
Fighting       | 5 6 8 9 10 11 12 13 14 | 14.2
Dodging        | 3 4 6 7 8 9 |  9.7
Translocations | 2 4 5 |  5.0
Spellcasting   | 3 4 |  4.0
Summonings     | 4 |  4.4
Air Magic      | 4 |  4.4

Action                   |  1- 3 |  4- 6 |  7- 9 | 10-12 | 13-15 || total
-------------------------+-------+-------+-------+-------+-------++-------
Melee: Hand axe          |    66 |   163 |   256 |       |       ||   485
       War axe           |       |       |    92 |   447 |   868 ||  1407
       Broad axe         |       |       |       |    65 |       ||    65
       Battleaxe         |       |       |       |   171 |       ||   171
       Kick              |       |       |       |   102 |       ||   102
       Unarmed           |       |       |       |     3 |       ||     3
       Flail             |       |       |       |     1 |       ||     1
Throw: Stone             |    42 |   118 |   192 |   349 |   518 ||  1219
       Javelin           |       |     1 |       |    33 |     6 ||    40
       Tomahawk          |       |       |       |    14 |    35 ||    49
       Throwing net      |       |       |       |     1 |       ||     1
 Cast: Blink             |       |       |       |     1 |     2 ||     3
       Apportation       |       |       |       |       |    10 ||    10
       Summon Lightning  |       |       |       |       |     2 ||     2
Evoke: Box of beasts     |       |       |       |       |     1 ||     1
       Sack of spiders   |       |       |       |       |     1 ||     1
       Phantom mirror    |       |       |       |       |     1 ||     1
  Use: Scroll            |       |     3 |    10 |    15 |     8 ||    36
       Potion            |       |       |       |     1 |     8 ||     9
 Stab: Confused          |     1 |       |     3 |       |       ||     4
       Sleeping          |       |     1 |       |       |       ||     1
       Paralysed         |       |     2 |       |       |       ||     2
  Eat: Chunk             |     2 |     8 |    13 |    23 |    16 ||    62
       Ration            |       |       |     1 |     4 |     6 ||    11
Armor: Robe              |    17 |    68 |    67 |   223 |   168 ||   543
Dodge: Dodged            |    28 |    80 |   179 |   530 |   489 ||  1306
       Deflected         |       |       |       |       |     3 ||     3
Block: Other             |       |       |    37 |   134 |   121 ||   292
       Reflection        |       |       |     1 |     8 |     1 ||    10

Levels and vault maps discovered:
D:1:      dpeg_arrival_pits, layout_basic
D:2:      layout_loops_corners, minivault_24
D:3:      layout_loops_corners, okawaru_trees_1, minmay_tree_intersection
D:4:      layout_rooms, minitemple, first_ration, minivault_19,
          chequers_serial_rivers_small_b
D:5:      lemuel_upstairs_altar, layout_loops_ring,
          gammafunk_temple_overflow_claw, amethyst_overflow_temple_binary,
          lemuel_crystal_altar, minmay_temple_entry_mini_moons,
          trog_butcher_becter
D:6:      layout_loops_ring, st_stairs_14, grunt_decor_arrowhead,
          minmay_strange_pillars, grunt_ministairs_14, uniq_duvessa
D:7:      lemuel_bear_cage, layout_basic, tgw_xom, uniq_joseph
D:8:      layout_cave_pools, grunt_pizzeria, hangedman_abyss_or_decor_stagger
D:9:      layout_loops_ring, due_lair_maze_entry_diamond, serial_shops,
          kennysheep_little_box, shop, uniq_grum, uniq_harold
D:10:     layout_roguey, serial_shops, shop, uniq_maurice, uniq_erolcha
D:11:     layout_big_octagon
D:12:     layout_gridville, erik_orc_4, nrook_guardian_serpent_ordinary
D:14:     layout_long_grid, lemuel_blue_sif_altar, minivault_22, st_stairs_9
D:15:     grunt_enter_depths_hoard, layout_gridville, minmay_hedge_maze,
          portal_ice_cave_entry_animals_and_master, serial_shops,
          bzr_in_the_mist, fedhas_altar_4
Temple:   minmay_temple_curvy_loop
Lair:1:   layout_misc_corridors, special_room [special_room_bee],
          infiniplex_staircase_pool
Lair:2:   layout_regular_city
Lair:3:   layout_regular_city, skrybe_swamp_entry_bodies,
          guppyfry_snake_entry_island, nicolae_volcano_entry_two_sided,
          infiniplex_staircase_pool_2, minmay_lair_oklob_chamber, uniq_urug
Lair:4:   layout_regular_city, gammafunk_ghost_berserking_beasts, basic_altar,
          grunt_megastairs_1
Lair:5:   layout_loops_ring, slime_altar_2, gauntlet_entry_generic, st_stairs_8
Lair:6:   minmay_lair_end_frog_pond, layout_small_grid, serial_bayou_shore_a
Bazaar:   bazaar_lake
Volcano:  volcano_lake [vl_original]
Gauntlet: minmay_gauntlet_77_tree [minmay_gauntlet_arena_77_museum,
          minmay_gauntlet_arena_77_two_lines,
          minmay_gauntlet_arena_77_two_paths, minmay_gauntlet_arena_77_fan,
          minmay_gauntlet_arena_77_path, minmay_gauntlet_arena_77_shame_cube,
          minmay_gauntlet_arena_77_hold_the_fort, gauntlet_exit_spiral]
